 Dungeon Crawl Stone Soup version 0.25-a0-339-gb37b713d4c (console) character file.

Game seed: 6718976179724488219, levelgen mode: deterministic

9851 nht the Grappler (level 11, -2/109 HPs)
             Began as a Troll Monk on Dec 28, 2019.
             Was a High Priest of Nemelex Xobeh.
             Slain by a nine-headed hydra (11 damage)
             ... on level 11 of the Dungeon.
             The game lasted 00:14:49 (6755 turns).

nht the Grappler (Troll Monk)                       Turns: 6755, Time: 00:14:50

Health: -2/109     AC:  6    Str: 24    XL:     11   Next: 28%
Magic:  0/15       EV: 10    Int:  6    God:    Nemelex Xobeh [*****.]
Gold:   843        SH:  4    Dex: 12    Spells: 10/10 levels left

rFire    . . .     SeeInvis .     - Unarmed
rCold    . . .     Gourm    +   (no shield)
rNeg     . . .     Faith    .   f - +0 robe (curse)
rPois    .         Spirit   +   (helmet restricted)
rElec    .         Reflect  +   p - scarf {Spirit}
rCorr    .         Harm     .   (gloves unavailable)
MR       .....                  (boots unavailable)
Stlth    +++.......             J - +4 amulet of reflection
HPRegen  0.68/turn              E - ring of stealth
MPRegen  0.14/turn              (no ring)

@: no status effects
A: large, unfitting armour, claws 3, fast metabolism 3, gourmand, regeneration
1, shaggy fur 1, tough skin 3
a: Draw Escape, Draw Destruction, Draw Summoning, Triple Draw, Deal Four, Stack
Five, Renounce Religion


You were on level 11 of the Dungeon.
You worshipped Nemelex Xobeh.
Nemelex Xobeh was extremely pleased with you.
You were completely stuffed.

You visited 1 branch of the dungeon, and saw 11 of its levels.

You collected 843 gold pieces.

Inventory:

Missiles
 a - 9 throwing nets
 r - 46 boomerangs (quivered)
 t - 5 large rocks
 D - 32 poisoned darts
Armour
 f - a cursed +0 robe (worn)
 p - a scarf of spirit shield (worn)
Jewellery
 E - a ring of stealth (left claw)
 J - a +4 amulet of reflection (around neck)
Wands
 u - a wand of digging (19)
 w - a wand of random effects (11)
 H - a wand of iceblast (8)
Scrolls
 h - 6 scrolls of teleportation {unknown}
 j - 6 scrolls of remove curse {unknown}
 l - 2 scrolls of enchant weapon {unknown}
 m - 3 scrolls of fear {unknown}
 o - 3 scrolls of enchant armour {unknown}
 q - 4 scrolls of blinking {unknown}
 s - a scroll of random uselessness {unknown}
 y - a scroll of magic mapping {unknown}
 B - a scroll of fog {unknown}
 I - a scroll of noise {unknown}
Potions
 c - 6 potions of curing
 d - 3 potions of berserk rage
 g - 2 potions of mutation
 i - a potion of heal wounds
 k - 2 potions of flight
 n - 5 potions of brilliance
 v - 3 potions of might
 x - 2 potions of magic
 z - 2 potions of agility {unknown}
 C - a potion of cancellation {unknown}
 F - a potion of haste {unknown}
Comestibles
 b - 24 rations
 G - a chunk of flesh


   Skills:
 + Level 7.1 Fighting
 + Level 7.2 Throwing
 - Level 2.4 Dodging
 - Level 1.0 Stealth
 * Level 11.6 Unarmed Combat
 + Level 7.1 Invocations


You had 10 spell levels left.
You didn't know any spells.
Your spell library contained the following spells:

 Spells                   Type           Power        Failure   Level  Hunger
 Sandblast                Erth           #.....       45%         1    ##.....
 Passwall                 Tmut/Erth      #.......     58%         2    ###....
 Stone Arrow              Conj/Erth      #.....       83%         3    ####...
 Petrify                  Tmut/Erth      #.......     99%         4    #####..
 Lee's Rapid Deconstruct  Erth           #.........   100%        5    ######.


Dungeon Overview and Level Annotations

Branches:
Dungeon (11/15)            Temple (0/1) D:4             Orc (0/2) D:10
   Lair: D:8-11

Altars:
Cheibriados
Nemelex Xobeh
Qazlal
Vehumet
Wu Jian
Xom
Yredelemnul

Shops:
D:8 :   D:10 [

Annotations:
D:5 3 runed translucent doors, saltlakrits's ghost, novice NaCj
D:10 Grum


Innate Abilities, Weirdness & Mutations

You are too large for most types of armour.
You have claws for hands.
Your metabolism is lightning-fast.
You like to eat raw meat.
Your natural rate of healing is unusually fast.
You are covered in fur. (AC +1)
You have extremely tough skin. (AC +3)


Message History

The nine-headed hydra barely misses you.
The nine-headed hydra bites you!
The nine-headed hydra barely misses you.
The nine-headed hydra bites you. The nine-headed hydra bites you!
The nine-headed hydra bites you.
You block the nine-headed hydra's attack.
The nine-headed hydra bites you but does no damage.
The nine-headed hydra bites you!
You draw a card...
You have drawn Wild Magic.
A ball of electricity appears!
You feel a surge of magic.
You feel your power returning.
A ball lightning comes into view.
The nine-headed hydra bites you! x3
* * * LOW HITPOINT WARNING * * *
The nine-headed hydra bites you!
* * * LOW HITPOINT WARNING * * *
The nine-headed hydra bites you!
* * * LOW HITPOINT WARNING * * *
The nine-headed hydra bites you!
You die...
Your body glows with a rainbow of weird colours and disappears.

█..........████████
█..................
█..................
█.....█████........
█.....█...█.(......
█.....█...█........
█.....'...█.^......
█*....█.<.█........
█.@...█...█........
██████.D...█...█.......
█..........█████
█.....██████ █.....█
█.....+ █.....█ █.....█
█......


You could see a nine-headed hydra and a friendly ball lightning.

Vanquished Creatures
  A two-headed ogre (D:8)
  A cyclops (D:9)
  An ugly thing (D:10)
  2 gargoyles
  A troll (D:10)
  A spriggan (D:8)
  A wraith (D:10)
  A shadow (D:11)
  A hungry ghost (D:10)
  A water moccasin (D:6)
  3 orc warriors
  A sky beast (D:7)
  A phantom (D:4)
  A black bear (D:7)
  6 ogres
  A wolf (D:11)
  2 centaurs
  2 big kobolds
  2 bullfrogs
  A gnoll sergeant (D:8)
  5 scorpions
  2 killer bees
  2 electric eels (D:9)
  8 wights
  A centaur zombie (D:5)
  3 crimson imps
  3 jellies
  A quasit (D:9)
  A bullfrog skeleton (D:6)
  A bullfrog zombie (D:9)
  2 centaur skeletons
  2 gnoll shamans (D:8)
  7 orc priests
  6 hounds
  10 orc wizards
  4 iguanas
  8 worker ants
  A hound zombie (D:9)
  A hound skeleton (D:4)
  A worker ant zombie (D:6)
  8 adders
  12 gnolls (D:8)
  A river rat (D:7)
  A shadow imp (D:9)
  2 adder zombies
  An ooze (D:3)
  3 adder skeletons
  5 worms
  3 dart slugs
  7 leopard geckos
  37 orcs
  7 bats
  7 giant cockroaches
  9 goblins
  10 hobgoblins
  12 jackals
  A quokka (D:10)
  A ball python zombie (D:6)
  6 frilled lizards
  21 kobolds
  A quokka skeleton (D:7)
  4 rats
259 creatures vanquished.

Vanquished Creatures (collateral kills)
  The ghost of LostGamesStreakFreak the Impaler, a journeyman MfGl of Fedhas (D:11)
  Harold (D:7)
  Erica (D:10)
  A dancing weapon (D:11)
  2 rust devils (D:5)
  A troll (D:11)
  A hippogriff (D:7)
  Sigmund (D:4)
  A black bear (D:7)
  A bullfrog (D:7)
  4 wights
  3 howler monkeys (D:7)
  A jelly (D:7)
  An orc wizard (D:7)
  An adder (D:7)
  3 orcs
  A quokka skeleton (D:4)
25 creatures vanquished.

Vanquished Creatures (others)
  2 killer bees (D:7)
  A wight (D:10)
  An orc wizard (D:4)
  An orc priest (D:4)
  A gnoll (D:8)
  A ball lightning (D:10)
  2 orcs
  A jackal (D:8)
10 creatures vanquished.

Grand Total: 294 creatures vanquished

Notes
Turn   | Place    | Note
-------+----------+-------------------------------------------
     0 | D:1      | nht the Troll Monk began the quest for the Orb.
     0 | D:1      | Reached XP level 1. HP: 22/22 MP: 0/0
    85 | D:1      | Reached XP level 2. HP: 29/29 MP: 1/1
   114 | D:1      | Found a sparkling altar of Nemelex Xobeh.
   148 | D:1      | Became a worshipper of Nemelex Xobeh the Trickster
   148 | D:1      | Received a gift from Nemelex Xobeh
   148 | D:1      | Reached * piety under Nemelex Xobeh
   148 | D:1      | Received a gift from Nemelex Xobeh
   148 | D:1      | Reached ** piety under Nemelex Xobeh
   305 | D:1      | Reached skill level 1 in Throwing
   305 | D:1      | Reached XP level 3. HP: 36/36 MP: 2/2
   707 | D:2      | Found a shimmering altar of Xom.
   741 | D:2      | Received a gift from Nemelex Xobeh
   941 | D:2      | Reached skill level 4 in Unarmed Combat
  1184 | D:2      | Reached XP level 4. HP: 43/44 MP: 3/3
  1523 | D:3      | Found a radiant altar of Vehumet.
  1586 | D:3      | Reached skill level 1 in Invocations
  1702 | D:3      | Reached *** piety under Nemelex Xobeh
  1702 | D:3      | Received a gift from Nemelex Xobeh
  1744 | D:3      | Found a stormy altar of Qazlal.
  1752 | D:3      | Reached XP level 5. HP: 42/53 MP: 2/4
  2160 | D:4      | Reached skill level 5 in Unarmed Combat
  2160 | D:4      | Reached XP level 6. HP: 45/61 MP: 6/6
  2237 | D:4      | Received a gift from Nemelex Xobeh
  2322 | D:4      | Found a staircase to the Ecumenical Temple.
  2330 | D:4      | Noticed Sigmund
  2337 | D:4      | Killed Sigmund
  2337 | D:4      | Reached XP level 7. HP: 26/68 MP: 7/7
  2618 | D:4      | Found an ornate altar of the Wu Jian Council.
  2709 | D:4      | Reached skill level 6 in Unarmed Combat
  2988 | D:5      | Entered Level 5 of the Dungeon
  3068 | D:5      | Reached **** piety under Nemelex Xobeh
  3068 | D:5      | Received a gift from Nemelex Xobeh
  3085 | D:5      | Found a runed translucent gate.
  3085 | D:5      | Found a runed translucent gate.
  3086 | D:5      | Found a runed translucent gate.
  3089 | D:5      | Noticed saltlakrits's ghost (novice NaCj)
  3227 | D:5      | Found a basalt altar of Yredelemnul.
  3256 | D:5      | Reached XP level 8. HP: 71/78 MP: 9/9
  3276 | D:5      | Reached skill level 7 in Unarmed Combat
  3568 | D:6      | Received a gift from Nemelex Xobeh
  3708 | D:6      | Found a basalt altar of Yredelemnul.
  3802 | D:5      | Noticed a rust devil
  3802 | D:5      | Noticed a rust devil
  3815 | D:5      | Killed a rust devil
  3816 | D:5      | Killed a rust devil
  3816 | D:5      | Reached skill level 5 in Fighting
  3816 | D:5      | Reached skill level 8 in Unarmed Combat
  3965 | D:6      | Reached XP level 9. HP: 87/88 MP: 9/11
  4215 | D:7      | Received a gift from Nemelex Xobeh
  4288 | D:7      | Reached skill level 5 in Throwing
  4301 | D:7      | Noticed Harold
  4308 | D:7      | Killed Harold
  4308 | D:7      | Reached skill level 9 in Unarmed Combat
  4308 | D:7      | Reached skill level 5 in Invocations
  4673 | D:8      | Received a gift from Nemelex Xobeh
  4677 | D:8      | Reached ***** piety under Nemelex Xobeh
  4829 | D:8      | Reached XP level 10. HP: 95/98 MP: 13/13
  4910 | D:8      | Noticed a two-headed ogre
  4921 | D:8      | Killed a two-headed ogre
  4921 | D:8      | Reached skill level 10 in Unarmed Combat
  4929 | D:8      | Received a gift from Nemelex Xobeh
  4953 | D:8      | Found Jefox's Book Emporium.
  4981 | D:8      | Found a snail-covered altar of Cheibriados.
  5430 | D:9      | Received a gift from Nemelex Xobeh
  5519 | D:9      | Noticed a cyclops
  5526 | D:9      | Killed a cyclops
  5803 | D:9      | Received a gift from Nemelex Xobeh
  5889 | D:9      | Found a sparkling altar of Nemelex Xobeh.
  6054 | D:10     | Entered Level 10 of the Dungeon
  6069 | D:10     | Found Mouzasch's Armour Emporium.
  6069 | D:10     | Found a staircase to the Orcish Mines.
  6087 | D:10     | Noticed a purple ugly thing
  6097 | D:10     | Killed a purple ugly thing
  6222 | D:10     | Noticed Erica
  6226 | D:10     | Killed Erica
  6226 | D:10     | Reached skill level 11 in Unarmed Combat
  6280 | D:10     | Reached XP level 11. HP: 95/107 MP: 13/15
  6437 | D:10     | Noticed Grum
  6547 | D:11     | Received a gift from Nemelex Xobeh
  6676 | D:11     | Found a runed translucent door.
  6677 | D:11     | Found a shimmering altar of Xom.
  6677 | D:11     | Noticed LostGamesStreakFreak's ghost (journeyman MfGl)
  6678 | D:11     | Noticed a +1 rapier of chaos
  6689 | D:11     | Killed a +1 rapier of chaos
  6693 | D:11     | Killed LostGamesStreakFreak's ghost
  6746 | D:11     | Noticed an eight-headed hydra
  6755 | D:11     | Slain by a nine-headed hydra

Levels and vault maps discovered:
D:1:      elethiomel_arrival_fortress_basement, layout_loops_ring,
          nemelex_xobeh_ov_fountains_minmay
D:2:      minmay_razor_zed, layout_basic, xom_teletrap_fun, first_ration
D:3:      layout_basic, nicolae_qazlal_general_emergency, lemuel_crystal_altar,
          hangedman_decor_points
D:4:      layout_basic, lemuel_crystal_altar,
          minmay_temple_entry_drinking_statues, uniq_sigmund
D:5:      cheibrodos_iron_armory, layout_cave_pools, gammafunk_ghost_necromancy,
          yredelemnul_altar_generic
D:6:      layout_basic, nicolae_overflow_hidden_temple
D:7:      layout_rooms, uniq_harold
D:8:      layout_cave_pools, old_standard_altar, serial_gnoll_camp,
          gnoll_camp_mini_shop, gnoll_camp_mini_doghouse, gnoll_camp_medium_01,
          gnoll_camp_mini_basic, the_bakery
D:9:      layout_basic, kennysheep_mini_moat, nicolae_lava_and_water
D:10:     layout_rooms, orc_david_3, uniq_grum, uniq_erica
D:11:     layout_gridville, david_lair_generic, ebering_ghost_xom

Skill      XL: |  1  2  3  4  5  6  7  8  9 10 11 |
---------------+----------------------------------+-----
Throwing       | 1 2 3 4 5 6 7 |  7.2
Unarmed Combat | 4 5 6 8 9 11 | 11.6
Invocations    | 1 2 3 4 5 6 7 |  7.1
Fighting       | 3 4 5 6 7 |  7.1
Dodging        | |  2.4
Stealth        | |  1.0

Action                   |  1- 3 |  4- 6 |  7- 9 | 10-12 || total
-------------------------+-------+-------+-------+-------++-------
Melee: Unarmed           |   106 |   134 |   209 |   132 ||   581
       Punch             |     2 |       |     6 |     8 ||    16
Throw: Boomerang         |       |     1 |     7 |       ||     8
 Abil: Draw Destruction  |       |     4 |    22 |    20 ||    46
       Draw Escape       |       |     1 |     3 |     6 ||    10
       Draw Summoning    |       |       |     8 |     4 ||    12
Evoke: Wand              |       |       |       |    15 ||    15
  Use: Scroll            |       |       |     8 |     3 ||    11
 Stab: Sleeping          |     4 |     3 |     1 |     3 ||    11
       Petrifying        |       |       |     1 |       ||     1
  Eat: Chunk             |    16 |    11 |    23 |    18 ||    68
Armor: Robe              |    33 |    35 |    61 |    22 ||   151
Dodge: Dodged            |    54 |    62 |    97 |    73 ||   286
Block: Other             |       |       |       |     6 ||     6
       Reflection        |       |       |       |     2 ||     2

Table legend:
 A = Non-vault XP
 B = Vault XP
 C = Vault XP percentage of total XP
 D = Non-vault monster count
 E = Vault monster count
 F = Vault count percentage of total count
                 A         B        C        D         E       F
            +---------+---------+-------+---------+---------+-------
      Total |    9762 |    4311 |  30.6 |     241 |      52 |  17.7
            +---------+---------+-------+---------+---------+-------
        D:1 |      57 |       2 |   3.4 |      29 |       1 |   3.3
        D:2 |      35 |      22 |  38.6 |      11 |      13 |  54.2
        D:3 |     110 |       0 |   0.0 |      14 |       0 |   0.0
        D:4 |     754 |     119 |  13.6 |      36 |       1 |   2.7
        D:5 |     718 |     643 |  47.2 |      24 |       4 |  14.3
        D:6 |     574 |       0 |   0.0 |      22 |       0 |   0.0
        D:7 |    1341 |     514 |  27.7 |      36 |       1 |   2.7
        D:8 |    1335 |     664 |  33.2 |      13 |      23 |  63.9
        D:9 |     907 |       0 |   0.0 |       9 |       0 |   0.0
       D:10 |    2886 |    1117 |  27.9 |      34 |       6 |  15.0
       D:11 |    1045 |    1230 |  54.1 |      13 |       3 |  18.8
            +---------+---------+-------+---------+---------+-------
